 Dungeon Crawl Stone Soup version 0.17-a0-1020-ge683cc4 (webtiles) character file.

8774 Chiseanne the Nimble (level 11, -2/89 HPs)
             Began as a Demonspawn Monk on May 18, 2015.
             Was a High Priest of Okawaru.
             Slain by a blink frog (4 damage)
             ... on level 3 of the Lair of Beasts.
             The game lasted 00:40:03 (12492 turns).

Chiseanne the Nimble (Demonspawn Monk)             Turns: 12492, Time: 00:40:03

Health: -2/89      AC: 27    Str: 14    XL:     11   Next: 14%
Magic:  10/11      EV: 13    Int: 11    God:    Okawaru [*****.]
Gold:   662        SH:  4    Dex: 17    Spells: 0 memorised, 10 levels left

rFire  + . .     SeeInvis .     I - +2 morningstar (freeze) (curse)
rCold  . . .     Clarity  .     y - +5 chain mail {MR+}
rNeg   + . .     SustAb   .     (no shield)
rPois  .         Gourm    .     k - +1 helmet
rElec  .         Spirit   .     x - +0 cloak
rCorr  .         Warding  .     p - +1 pair of gloves
rMut   .         Stasis   .     (no boots)
MR     ++...                    (no amulet)
Stlth  ..........               A - ring of positive energy
                                t - ring of protection from magic

@: heroism, heavily drained, very resistant to hostile enchantments, extremely
unstealthy
A: large bone plates 3, demonic guardian 1, fire resistance 1
a: Heroism, Finesse, Renounce Religion


You were on level 3 of the Lair of Beasts.
You worshipped Okawaru.
Okawaru was extremely pleased with you.
You were hungry.

You visited 2 branches of the dungeon, and saw 12 of its levels.

You collected 662 gold pieces.

Inventory:

Hand weapons
 a - a +2 whip of flaming
 d - a +1 rapier of venom
 l - a +1 morningstar of protection
 s - a +3 flail of protection
 z - a +2 battleaxe
 E - a +0 dire flail of protection {god gift}
 G - a +3 great sword
 H - a cursed -2 great sword
 I - a cursed +2 morningstar of freezing (weapon)
 P - a +1 hunting sling of flaming
Missiles
 c - 162 arrows
 f - 36 sling bullets
 g - 34 sling bullets of frost
 j - 16 bolts of frost
 B - 9 tomahawks (quivered)
 C - 35 bolts
 F - 16 poisoned needles
 L - 2 steel tomahawks
 N - 8 needles of sleeping
Armour
 k - a +1 helmet (worn)
 p - a +1 pair of gloves (worn)
 x - a +0 cloak (worn)
 y - a +5 chain mail of magic resistance (worn)
Jewellery
 i - a cursed amulet of inaccuracy {unknown}
 t - a ring of protection from magic (left hand)
 A - a ring of positive energy (right hand)
Magical devices
 q - a wand of invisibility (0)
 v - a wand of confusion (0)
 w - a wand of confusion (14)
 D - a wand of enslavement (0)
Potions
 e - a potion of resistance
 m - a potion of brilliance
 n - a potion of flight
 o - a potion of curing
 r - a potion of magic
 M - a potion of cancellation {unknown}
 O - a potion of mutation
Books
 u - a book of Dreams

   Spells                             Type                      Level
   a - Ensorcelled Hibernation        Hexes/Ice                    2
   b - Phase Shift                    Translocation                5
   c - Shadow Creatures               Summoning                    5
   d - Silence                        Hexes/Air                    5
   e - Mass Confusion                 Hexes                        6
   f - Darkness                       Hexes                        7
 J - a book of Unlife

   Spells                             Type                      Level
   a - Recall                         Summoning/Translocation      3
   b - Animate Dead                   Necromancy                   4
   c - Control Undead                 Necromancy                   4
   d - Cigotuvi's Embrace             Necromancy                   5
   e - Death Channel                  Necromancy                   6
   f - Simulacrum                     Ice/Necromancy               6
Comestibles
 b - 2 bread rations
 h - 5 meat rations


   Skills:
 * Level 9.5(13.0) Fighting
 * Level 6.8(10.4) Maces & Flails
 * Level 7.3(10.9) Armour
 * Level 9.6(13.1) Dodging
 - Level 1.7(5.5) Stealth
 - Level 3.6(7.2) Unarmed Combat


You had 10 spell levels left.
You didn't know any spells.

Dungeon Overview and Level Annotations

Branches:
Dungeon (9/15)             Temple (0/1) D:7            Lair (3/8) D:9
  Swamp: Lair:3-6    Shoals: Lair:3-6     Snake: Lair:3-6    Spider: Lair:3-6
    Orc: D:9-12

Altars:
Ashenzari
Dithmenos
Elyvilon
Gozag
Okawaru
Qazlal
Ru
Trog
Yredelemnul

Annotations:
Lair:1 Nergalle


Innate Abilities, Weirdness & Mutations

You are completely covered in large bone plates (AC +4, SH +4).
A weak demonic guardian rushes to your aid.
Your flesh is heat resistant.


Message History

You throw a poisoned tomahawk.
The poisoned tomahawk misses the blink frog.
The poisoned tomahawk hits the plant.
The plant is lightly damaged.
Throwing (i - inventory. (,) - cycle):
K - a poisoned tomahawk (quivered)
Press: ? - help, Shift-Dir - straight line, f/p - blink frog
Aim: a blink frog (moderately wounded)
You throw a poisoned tomahawk.
The poisoned tomahawk hits the blink frog!
The blink frog is poisoned.
The blink frog is heavily wounded.
You hit the blink frog. You freeze the blink frog.
The blink frog seems to slow down.
The blink frog is severely wounded.
The blink frog hits you!
* * * LOW HITPOINT WARNING * * *
You hit the blink frog. You freeze the blink frog.
The blink frog is severely wounded.
The blink frog hits you.
You die...

##..........#
##..........##
#............# ##
#..###.....### .. ##.#
#P...## .## #P.# ##..##
#..### ##.# ##.#
#####..P..## #.# #..#
###.##.P....P" ##.## ##.##
#.@F(.........
#P.P###...####.##.#.PP##..#
##.............#.##P.##
###P##...P####...P...#
#####....##..........
#...............##
#####.P.P.##.####
##..###### #.#


You could see a blink frog.

Vanquished Creatures
  Psyche (D:9)
  3 komodo dragons
  A two-headed ogre (D:7)
  A porcupine (Lair:2)
  A troll (D:9)
  A blink frog (Lair:3)
  A queen bee (Lair:1)
  Grinder (D:5)
  Dowan (D:5)
  3 yaks (D:7)
  A wyvern (D:8)
  2 hippogriffs
  A water moccasin (D:6)
  A wolf (Lair:3)
  2 orc warriors
  A sky beast (D:9)
  3 ice beasts
  5 centaurs
  A black bear (D:8)
  2 phantoms
  An ogre (D:9)
  A crocodile (Lair:3)
  5 giant frogs
  2 big kobolds
  A wyvern skeleton (D:7)
  A scorpion (D:4)
  6 wights
  24 killer bees (Lair:1)
  A quasit (Lair:1)
  2 crimson imps
  A giant frog zombie (D:5)
  A centaur zombie (D:9)
  2 jellies
  5 orc priests
  Ijyb (D:2)
  3 hounds
  4 iguanas
  2 giant frog skeletons
  5 worker ants
  6 orc wizards
  4 gnolls
  8 adders
  A shadow imp (D:4)
  2 adder skeletons
  3 worms (D:2)
  8 giant geckos
  53 orcs
  10 bats
  14 goblins
  12 hobgoblins
  3 quokkas
  3 ball pythons
  2 giant cockroaches
  4 giant newts
  6 jackals
  22 kobolds
  A quokka skeleton (D:7)
  9 rats
  2 plants (D:9)
274 creatures vanquished.

Vanquished Creatures (collateral kills)
  Pikel (D:5)
  Joseph (D:9)
  A wolf (Lair:3)
  2 hippogriffs
  A water moccasin (D:8)
  An orc warrior (D:9)
  A crocodile (Lair:2)
  2 wights (D:7)
  A crimson imp (D:8)
  An iguana (Lair:2)
  An orc wizard (D:8)
  A worker ant (D:8)
  3 orcs
17 creatures vanquished.

Vanquished Creatures (others)
  A yak (D:7)
  A slave (D:5)
  Duvessa (D:5)
  7 crimson imps
  8 quasits
  A hound (D:5)
  10 iron imps
  9 white imps
  9 ufetubi
  A goblin (D:5)
  A rat (D:5)
  2 plants (D:9)
51 creatures vanquished.

Grand Total: 342 creatures vanquished

Notes
Turn   | Place    | Note
--------------------------------------------------------------
     0 | D:1      | Chiseanne the Demonspawn Monk began the quest for the Orb.
     0 | D:1      | Reached XP level 1. HP: 18/18 MP: 1/1
   900 | D:1      | Gained mutation: Your flesh is heat resistant. [demonic ancestry]
   900 | D:1      | Reached XP level 2. HP: 21/24 MP: 2/2
  1523 | D:2      | Noticed Ijyb
  1906 | D:2      | Found an iron altar of Okawaru.
  1935 | D:2      | Reached XP level 3. HP: 21/30 MP: 3/3
  1959 | D:2      | Reached skill level 4 in Fighting
  2194 | D:2      | Became a worshipper of Warmaster Okawaru
  2194 | D:2      | Acquired Okawaru's first power
  2372 | D:2      | Killed Ijyb
  2372 | D:2      | Gained mutation: You are partially covered in large bone plates (AC +2, SH +2). [demonic ancestry]
  2372 | D:2      | Reached XP level 4. HP: 34/37 MP: 1/4
  3530 | D:3      | Gained mutation: A weak demonic guardian rushes to your aid. [demonic ancestry]
  3530 | D:3      | Reached XP level 5. HP: 30/43 MP: 2/5
  3933 | D:3      | Found a sacrificial altar of Ru.
  4128 | D:4      | Reached skill level 5 in Fighting
  4346 | D:4      | Gained mutation: You are mostly covered in large bone plates (AC +3, SH +3). [demonic ancestry]
  4346 | D:4      | Reached XP level 6. HP: 40/51 MP: 4/6
  4575 | D:4      | Found a stormy altar of Qazlal.
  4858 | D:4      | Reached skill level 5 in Dodging
  5330 | D:4      | Reached skill level 1 in Armour
  5473 | D:5      | Entered Level 5 of the Dungeon
  5623 | D:5      | Noticed Grinder
  5862 | D:5      | Paralysed by Grinder for 7 turns
  5875 | D:5      | Killed Grinder
  5875 | D:5      | Reached XP level 7. HP: 46/56 MP: 5/7
  5979 | D:5      | Reached skill level 6 in Dodging
  5983 | D:5      | Noticed Pikel
  5996 | D:5      | Killed Pikel
  5996 | D:5      | Reached XP level 8. HP: 35/65 MP: 6/8
  6095 | D:5      | Killed Duvessa
  6109 | D:5      | Noticed Dowan
  6139 | D:5      | Reached skill level 7 in Dodging
  6161 | D:5      | Killed Dowan
  6960 | D:6      | Reached skill level 1 in Maces & Flails
  7098 | D:6      | Found a shadowy altar of Dithmenos.
  7313 | D:6      | Found an opulent altar of Gozag.
  7609 | D:7      | Reached skill level 8 in Dodging
  7609 | D:7      | Reached XP level 9. HP: 50/72 MP: 9/9
  7874 | D:7      | Found a white marble altar of Elyvilon.
  7874 | D:7      | Found a bloodstained altar of Trog.
  7964 | D:7      | Found a staircase to the Ecumenical Temple.
  8756 | D:8      | Reached skill level 5 in Armour
  9599 | D:8      | Reached skill level 9 in Dodging
  9671 | D:8      | Gained mutation: You are completely covered in large bone plates (AC +4, SH +4). [demonic ancestry]
  9671 | D:8      | Reached XP level 10. HP: 65/80 MP: 7/10
 10174 | D:8      | Found a shattered altar of Ashenzari.
 10175 | D:8      | Found a basalt altar of Yredelemnul.
 10314 | D:9      | Noticed Psyche
 10327 | D:9      | Noticed Joseph
 10460 | D:9      | Killed Psyche
 10918 | D:9      | Reached skill level 5 in Maces & Flails
 10919 | D:9      | Found a staircase to the Lair.
 10940 | D:9      | Killed Joseph
 10940 | D:9      | Acquired Okawaru's second power
 11398 | Lair:1   | Entered Level 1 of the Lair of Beasts
 11409 | Lair:1   | Received a gift from Okawaru
 11449 | Lair:1   | Was placed under penance by Okawaru
 11559 | Lair:1   | Noticed Nergalle
 11640 | Lair:2   | Reached XP level 11. HP: 42/89 MP: 11/11
 11648 | Lair:2   | Noticed an elephant
 11648 | Lair:2   | Noticed an elephant
 11649 | Lair:2   | Noticed an elephant
 11650 | Lair:2   | Noticed an elephant
 11650 | Lair:2   | Noticed an elephant
 11957 | Lair:3   | Was forgiven by Okawaru
 11994 | Lair:3   | Received a gift from Okawaru
 12491 | Lair:3   | HP: 1/89 [blink frog (11)]
 12492 | Lair:3   | Slain by a blink frog

Vault maps used:
D:1:      dpeg_arrival_yet_another_circle, minmay_misc_feat_columns,
          minmay_bisected
D:2:      okawaru_altar_gauntlet_db, uniq_iyjb
D:3:      nicolae_ru_the_path_less_chosen
D:4:      grunt_qazlal_clouds, first_bread
D:5:      grunt_ministairs_6, uniq_grinder, uniq_duvessa, uniq_pikel
D:6:      nicolae_dithmenos_the_darkroom, lemuel_round_altar
D:7:      gammafunk_temple_overflow_wave, temple_green
D:8:      gammafunk_temple_overflow_statue
D:9:      david_lair_shrubbed, special_room, uniq_joseph, uniq_psyche
Lair:1:   lab_entry_generic, special_room, beast_lair_carwin_2, uniq_nergalle
Lair:2:   serial_bayou_shore_b, serial_bayou_shore_b
Lair:3:   beast_lair_carwin_3, serial_bayou_shore_b, lemuel_fruit_fields,
          uniq_gastronok

Action                   |  1- 3 |  4- 6 |  7- 9 | 10-12 || total
-------------------------+-------+-------+-------+-------++-------
Melee: Unarmed           |   117 |   362 |    28 |       ||   507
       Whip              |       |       |   429 |    60 ||   489
       Battleaxe         |       |       |    11 |       ||    11
       Morningstar       |       |       |       |   227 ||   227
       Rapier            |       |       |       |    53 ||    53
       Flail             |       |       |       |    50 ||    50
Throw: Tomahawk          |       |       |     6 |    26 ||    32
Invok: Heroism           |     3 |     9 |     7 |     4 ||    23
Evoke: Wand              |       |       |     3 |     6 ||     9
  Use: Scroll            |       |    10 |    12 |     9 ||    31
       Potion            |       |       |       |     4 ||     4
 Stab: Sleeping          |     2 |       |       |       ||     2
       Distracted        |     1 |       |     5 |     1 ||     7
       Invisible         |       |       |       |     2 ||     2
  Eat: Chunk             |     4 |    12 |     5 |    11 ||    32
       Bread ration      |       |     1 |     1 |       ||     2
